 Dungeon Crawl Stone Soup version 0.28.0-53-g5a82cb258f (webtiles) character file.

Game seed: 15013211090122597621

14 sanboga the Skirmisher (level 2, 0/19 HPs)
             Began as a Gargoyle Fighter on May 20, 2022.
             Slain by a gnoll
             ... wielding a +0 spear
              (4 damage)
             ... on level 1 of the Dungeon.
             The game lasted 00:01:37 (458 turns).

sanboga the Skirmisher (Gargoyle Fighter)            Turns: 458, Time: 00:01:38

Health: 0/19       AC: 13    Str: 19    XL:     2   Next: 41%
Magic:  2/2        EV:  7    Int:  8    God:
Gold:   7          SH:  4    Dex:  9    Spells: 1/1 levels left

rFire   . . .      SeeInvis .   a - +0 war axe
rCold   . . .      Faith    .   c - +0 buckler
rNeg    + . .      Spirit   .   j - +0 chain mail
rPois   ∞          Reflect  .   (no helmet)
rElec   +          Harm     .   (no cloak)
rCorr   .          Rampage  .   f - +0 pair of gloves
Will    .....                   (no boots)
Stlth   ..........              (no amulet)
HPRegen 0.06/turn               (no ring)
MPRegen 0.08/turn               (no ring)

@: no status effects
A: sickness immunity, AC +2, negative energy resistance 1, electricity
resistance, torment resistance 1, petrification resistance
a: no special abilities


You were on level 1 of the Dungeon.
You visited 1 branch of the dungeon, and saw 1 of its levels.

You collected 19 gold pieces.
You spent 12 gold pieces at shops.

Inventory:

Hand Weapons
 a - a +0 war axe (weapon)
Armour
 c - a +0 buckler (worn)
 f - a +0 pair of gloves (worn)
 j - a +0 chain mail (worn)
Scrolls
 e - a scroll of enchant weapon {unknown}
 g - a scroll of identify {unknown}
 i - a scroll of holy word {unknown}
Potions
 d - a potion of might
 h - a potion of attraction {unknown}


   Skills:
 + Level 3.4 Fighting
 * Level 2.2 Axes
 + Level 3.4 Armour
 + Level 3.4 Shields


You had one spell level left.
You didn't know any spells.
Your spell library was empty.

Dungeon Overview and Level Annotations

Branches:
Dungeon (1/15)

Altars:

Shops:
D:1 !!


Innate Abilities, Weirdness & Mutations

You are immune to sickness and miasma.
Your stone body is resilient. (AC +2)
You are immune to poison.
You resist negative energy. (rN+)
You are resistant to electric shocks. (rElec)
You are resistant to unholy torment.
You are immune to petrification.


Message History

You finish taking off your +0 scale mail.
You start putting on your armour.
You continue putting on your +0 chain mail. x5
You finish putting on your +0 chain mail.
You drop a +0 scale mail.
You see here a +0 whip.
A gnoll and an endoplasm come into view.
The gnoll shouts!
The endoplasm quivers.
There are monsters nearby!
There are monsters nearby!
A goblin comes into view. It is wielding a +0 dagger.
The goblin shouts!
The endoplasm freezes you.
You are frozen.
You barely miss the endoplasm. The endoplasm freezes you.
You are frozen.
The gnoll hits you from afar with a +0 spear.
You hit the endoplasm but do no damage. The gnoll hits you but does no damage.
The endoplasm barely misses you. You block the goblin's attack.
The endoplasm hits you but does no damage.
The gnoll hits you but does no damage.
You closely miss the goblin. You slash the endoplasm!
You kill the endoplasm!
The goblin hits you but does no damage.
The gnoll hits you from afar with a +0 spear.
You are too injured to fight recklessly!
You are too injured to fight recklessly!
You are too injured to fight recklessly!
You are too injured to fight recklessly!
You are too injured to fight recklessly!
You are too injured to fight recklessly!
The gnoll hits you but does no damage.
You barely miss the gnoll. You hit the goblin.
The goblin hits you with a +0 dagger.
* * * LOW HITPOINT WARNING * * *
The gnoll hits you but does no damage. You block the goblin's attack.
The gnoll hits you with a +0 spear.
You die...

####...# ####.###
......# #......####
#.... #.##.#.#...
####.... #.##.#.#.##
#......######.##.......
#........####.#.##
#.#####..####.#.##
#g#####.......#...
#@##..>.....######
#g##.##.###...# ....$ #
.... #.###.#.### ... .#
..... ..#...#...# ...
$# #.#.#######.#####.#
..... #.... #.).#...#
##.#. ..... ###.#.###
... ## ... #...# #)#
##.##


You could see a gnoll and a goblin.

Vanquished Creatures
  A dart slug (D:1)
  An endoplasm (D:1)
  A hobgoblin (D:1)
  2 kobolds (D:1)
  2 quokkas (D:1)
  A frilled lizard (D:1)
  2 goblins (D:1)
10 creatures vanquished.

Notes
Turn   | Place    | Note
-------+----------+-------------------------------------------
     0 | D:1      | sanboga the Gargoyle Fighter began the quest for the Orb.
     0 | D:1      | Reached XP level 1. HP: 14/14 MP: 1/1
   103 | D:1      | Found Xioff's Distillery.
   111 | D:1      | Reached XP level 2. HP: 14/19 MP: 2/2
   204 | D:1      | Found Syvvewk's Distillery.
   280 | D:1      | Bought a potion of degeneration for 12 gold pieces
   458 | D:1      | Slain by a gnoll

Illustrated notes

Levels and vault maps discovered:
D:1:      tarquinn_simple_flora_water_f, layout_loops_cross, serial_shops,
          nicolae_shop_trees, shop

Skill      XL: |  1 |
---------------+----+-----
Axes           | 2 |  2.2
Fighting       | |  3.4
Armour         | |  3.4
Shields        | |  3.4

Action                   || total
-------------------------++-------
Melee: War axe           ||    25
Armor: Scale mail        ||    11
       Chain mail        ||     6
Dodge: Dodged            ||     9
Block: Buckler           ||    12
